Map: Prion Terraces

Players

uThermal

  • Race: Terran Terran
  • League: Grandmaster

Lilbow - Winner!

  • Race: Protoss Protoss

Event: Homestory Cup XII

VOD

Have the link to the VOD?

Description

Time

  • Played on: Dec. 18, 2015, 9:18 a.m.
  • Length: 7:52

All games in this series

Show
View Real Time Build Order
Export as new Build Order

uThermal Terran 

Build Orders: Reaper Expand, MMM Bio 

Get SALT Encoding   

  12  0:01  SCV  
  13  0:13  SCV  
  14  0:17  Supply Depot  
  14  0:25  SCV  
  15  0:39  SCV  
  15  0:40  Barracks  
  16  0:44  Refinery  
  16  0:51  SCV  
  17  1:03  SCV  
  18  1:15  SCV  
  19  1:28  Reaper, Orbital Command  
  20  1:40  Command Center  
  20  1:48  Supply Depot  
  20  1:55  SCV  
  21  2:01  Barracks Reactor  
  21  2:07  SCV  
  22  2:11  Refinery  
  22  2:19  SCV  
  23  2:25  Factory, Engineering Bay  
  23  2:31  SCV  
  24  2:38  Marine x2  
  24  2:43  SCV  
  27  2:53  Orbital Command  
  27  2:55  SCV  
  27  2:56  Marine  
  27  2:57  Marine  
  30  3:00  Terran Infantry Armor Level 1  
  30  3:09  Factory Tech Lab  
  30  3:14  Marine  
  30  3:17  Marine  
  30  3:19  SCV  
  31  3:22  SCV  
  30  3:31  SCV  
  30  3:33  Cyclone  
  34  3:39  SCV  
  35  3:43  SCV  
  35  3:46  Marine x2  
  38  3:51  SCV  
  39  3:55  SCV  
  40  4:03  Supply Depot, SCV  
  40  4:04  Marine x2  
  40  4:06  Cyclone  
  46  4:14  Supply Depot  
  46  4:24  Barracks  
  46  4:25  SCV x2, Marine x2  
  46  4:26  Barracks  
  46  4:30  Supply Depot  
  50  4:37  SCV x2  
  52  4:43  Cyclone  
  52  4:45  Marine x2  
  56  4:49  SCV x2  
  58  4:54  Refinery x2  
  52  5:01  SCV  
  52  5:03  SCV, Marine x2  
  53  5:09  Bunker  
  53  5:11  Terran Infantry Weapons Level 1, Supply Depot  
  53  5:13  SCV  
  53  5:14  Barracks Tech Lab x2  
  54  5:16  SCV  
  55  5:22  Starport  
  55  5:25  SCV  
  55  5:28  SCV  
  57  5:33  Marine x2  
  57  5:34  Stimpack  
  57  5:35  Combat Shields  
  59  5:38  SCV  
  59  5:40  SCV  
  59  5:42  Supply Depot  
  61  5:46  Marauder x2  
  62  5:51  SCV  
  62  5:52  SCV  
  62  5:56  Factory Reactor  
  61  6:01  Starport Reactor  
  61  6:03  SCV  
  62  6:04  SCV  
  62  6:10  Barracks  
  63  6:12  Barracks  
  63  6:13  Marauder, Marine  
  63  6:15  SCV  
  63  6:16  SCV  
  63  6:18  Marauder  
  70  6:27  SCV  
  70  6:28  SCV  
  70  6:30  Supply Depot  
  70  6:32  Armory  
  72  6:38  Medivac x2  
  76  6:47  Command Center  
  76  6:52  Marine, Marauder x2  
  81  6:55  Marine  
  81  6:56  SCV  
  81  6:58  Concussive Shells  
  83  7:02  SCV  
  83  7:07  Supply Depot  
  83  7:08  Marauder  
  86  7:13  Marauder  
  94  7:28  SCV, Marine x3  
  94  7:29  Supply Depot, Marauder  
  102  7:43  Supply Depot  
Show
View Real Time Build Order
Export as new Build Order

Lilbow Protoss - Winner!

Build Orders: 1 Gate Expand 

Get SALT Encoding   

  12  0:01  Probe (Chrono Boost)  
  13  0:11  Probe (Chrono Boost)  
  14  0:18  Pylon  
  14  0:22  Probe (Chrono Boost)  
  15  0:36  Probe (Chrono Boost), Gateway  
  15  0:42  Assimilator  
  16  0:46  Probe (Chrono Boost)  
  17  0:57  Probe (Chrono Boost)  
  18  1:08  Probe (Chrono Boost)  
  19  1:18  Nexus  
  19  1:27  Cybernetics Core  
  19  1:32  Assimilator  
  19  1:35  Probe (Chrono Boost)  
  20  1:42  Pylon  
  20  1:46  Probe (Chrono Boost)  
  21  1:56  Probe (Chrono Boost)  
  22  2:03  Adept  
  22  2:07  Mothership Core (Chrono Boost)  
  26  2:14  Warp Gate  
  26  2:25  Probe (Chrono Boost)  
  27  2:30  Probe (Chrono Boost)  
  27  2:36  Probe (Chrono Boost)  
  29  2:38  Robotics Facility  
  29  2:40  Probe (Chrono Boost)  
  29  2:42  Adept (Chrono Boost)  
  32  2:46  Probe (Chrono Boost)  
  32  2:50  Probe (Chrono Boost)  
  35  2:58  Probe (Chrono Boost)  
  35  3:02  Probe (Chrono Boost)  
  36  3:09  Probe (Chrono Boost)  
  36  3:12  Probe (Chrono Boost)  
  38  3:19  Probe (Chrono Boost)  
  39  3:23  Probe (Chrono Boost)  
  39  3:26  Robotics Bay, Warp Prism  
  42  3:30  Probe (Chrono Boost)  
  42  3:33  Probe (Chrono Boost)  
  42  3:34  Pylon  
  42  3:40  Probe (Chrono Boost)  
  43  3:44  Probe (Chrono Boost)  
  43  3:46  Assimilator  
  44  3:49  Stalker, Assimilator  
  44  3:53  Probe (Chrono Boost)  
  44  3:54  Probe (Chrono Boost)  
  48  3:59  Pylon  
  48  4:03  Probe (Chrono Boost)  
  48  4:05  Probe (Chrono Boost)  
  48  4:06  Gravitic Drive  
  50  4:13  Disruptor (Chrono Boost)  
  50  4:14  Probe  
  54  4:17  Probe  
  54  4:19  Gateway  
  54  4:20  Gateway  
  55  4:24  Pylon  
  55  4:26  Probe  
  55  4:29  Pylon  
  55  4:31  Probe  
  57  4:44  Disruptor (Chrono Boost)  
  58  5:00  Probe  
  58  5:03  Probe  
  60  5:10  Forge  
  60  5:12  Twilight Council, Probe  
  61  5:15  Disruptor (Chrono Boost)  
  61  5:16  Probe  
  61  5:19  Nexus  
  65  5:24  Probe, Pylon  
  65  5:26  Stalker x2  
  65  5:27  Stalker  
  65  5:28  Probe  
  73  5:36  Probe, Pylon  
  73  5:38  Observer Gravitic Boosters, Blink  
  73  5:40  Probe  
  75  5:43  Protoss Ground Weapons Level 1 (Chrono Boost)  
  75  5:47  Observer (Chrono Boost)  
  76  5:52  Probe  
  77  6:01  Stalker  
  77  6:02  Stalker  
  77  6:03  Stalker  
  83  6:05  Probe  
  83  6:07  Observer  
  83  6:11  Probe, Pylon  
  86  6:13  Assimilator  
  86  6:17  Probe  
  87  6:23  Probe  
  88  6:27  Pylon  
  88  6:29  Probe  
  88  6:30  Probe  
  88  6:32  Stalker x2  
  92  6:33  Stalker  
  92  6:35  Probe  
  92  6:38  Gateway  
  97  6:40  Gateway  
  97  6:47  Disruptor  
  100  6:57  Stalker x3  
  106  7:21  Gateway  
  106  7:22  Stalker x3, Gateway x2  
  112  7:23  Assimilator  
  112  7:24  Gateway  
Tags
 
Add a new tag
Caveats
  • Supply blocks, unpowered buildings, or Contaminate may cause inaccurate times.
  • Supply counts are checked every 10 seconds.